 Dungeon Crawl Stone Soup version 0.30-a0-54-g2e61a25929 (webtiles) character file.

Game seed: 16922357696232300403

79 LnG the Covered (level 4, -2/40 HPs)
             Began as a Hill Orc Fighter on Sept 7, 2022.
             Slain by Grinder (4 damage)
             ... on level 3 of the Dungeon.
             The game lasted 00:04:09 (1758 turns).

LnG the Covered (Hill Orc Fighter)                  Turns: 1758, Time: 00:04:10

Health: -2/40      AC:  7    Str: 20    XL:     4   Next: 37%
Magic:  4/4        EV:  6    Int:  8    God:
Gold:   72         SH: 15    Dex: 16    Spells: 3/3 levels left

rFire   . . .      SeeInvis .    a - +0 war axe
rCold   . . .      Faith    .    n - +2 tower shield
rNeg    . . .      Spirit   .    b - +0 scale mail
rPois   .          Reflect  .    (no helmet)
rElec   .          Harm     .    (no cloak)
rCorr   .          Rampage  .    (no gloves)
Will    .....                    (no boots)
Stlth   ..........               (no amulet)
HPRegen 0.13/turn                o - +6 ring of dexterity
MPRegen 0.09/turn                (no ring)

@: no status effects
A: no striking features
a: no special abilities


You were on level 3 of the Dungeon.
You visited 1 branch of the dungeon, and saw 3 of its levels.

You collected 100 gold pieces.
You spent 28 gold pieces at shops.

Inventory:

Hand Weapons
 a - a +0 war axe (weapon)
Armour
 b - a +0 scale mail (worn)
 n - a +2 tower shield (worn)
Jewellery
 o - a +6 ring of dexterity (left hand)
Scrolls
 c - a scroll of poison {unknown}
 f - a scroll of enchant weapon {unknown}
 g - a scroll of teleportation {unknown}
 i - a scroll of amnesia {unknown}
 j - 4 scrolls of identify
 k - a scroll of noise {unknown}
Potions
 d - a potion of might
 e - a potion of mutation {unknown}
 h - a potion of invisibility {unknown}
 l - a potion of haste {unknown}
 m - a potion of heal wounds {unknown}


   Skills:
 + Level 4.0 Fighting
 + Level 4.1 Axes
 + Level 4.1 Armour
 + Level 0.3 Dodging
 + Level 3.6 Shields


You had 3 spell levels left.
You didn't know any spells.
Your spell library contained the following spells:

 Spells                   Type           Power      Damage    Failure   Level
 Beastly Appendage        Tmut           0%         N/A       100%        1
 Freeze                   Ice            0%         1d3       100%        1
 Wereblood                Tmut           0%         N/A       100%        2
 Frozen Ramparts          Ice            0%         1d1       100%        3
 Spider Form              Tmut/Pois      0%         N/A       100%        3
 Hailstorm                Conj/Ice       0%         3d3       100%        4
 Leda's Liquefaction      Hex/Erth       0%         N/A       100%        4
 Lee's Rapid Deconstruct  Erth           0%         3d5*      100%        5
 Statue Form              Tmut/Erth      0%         N/A       100%        6


Dungeon Overview and Level Annotations

Branches:
Dungeon (3/15)

Altars:

Shops:
D:1 ?

Annotations:
D:3 Grinder


Message History

You kill the rat!
Items here: ) [[ †.
You slash Grinder!
Grinder is moderately wounded.
A goblin comes into view. It is wielding a +0 dagger.
Grinder hits you.
You writhe in agony.
Grinder gestures at you.
You suddenly lose the ability to move!
The goblin shouts!
Grinder hits you.
You can move again.
You slash Grinder!
Grinder is heavily wounded.
Grinder closely misses you.
Grinder says, "I used to sell toenails on the black market."
Grinder gestures at you.
You shrug off the repeated paralysis!
You barely miss Grinder.
Grinder is heavily wounded.
Grinder blinks!
You slash the goblin!
You kill the goblin!
You closely miss Grinder.
Grinder is heavily wounded.
Grinder hits you. You block Grinder's attack.
You barely miss Grinder.
Grinder is heavily wounded.
Grinder hits you.
You writhe in agony.
Grinder gestures at you. Pain shoots through your body!
* * * LOW HITPOINT WARNING * * *
You slash Grinder!
Grinder is almost dead.
Grinder hits you but does no damage.
You barely miss Grinder.
Grinder is almost dead.
Grinder hits you.
* * * LOW HITPOINT WARNING * * *
You writhe in agony.
You die...

#.#### #.# #....## #.###
# #.....###.... # #.
#..........## ..#.#
#.....###...# ..$.>.
#..).........
......#######...######.#
.......?........# .#
......5@....##..# .#
.#....)†))$.....# .#
##.#.#####.###.# .# ##..
#.# #.# .# #. #.# #.# .#
#. #.# .. #.# . #.. .
... .# ### ### #


You could see Grinder.

Vanquished Creatures
  Robin (D:3)
  2 adders
  2 dart slugs (D:1)
  2 orcs (D:3)
  5 ball pythons
  4 endoplasms
  4 goblins
  9 hobgoblins
  2 jackals (D:2)
  A kobold (D:3)
  2 bats (D:1)
  4 frilled lizards
  4 rats
  A bush (D:1)
43 creatures vanquished.

Vanquished Creatures (others)
  22 plants
22 creatures vanquished.

Grand Total: 65 creatures vanquished

Notes
Turn   | Place    | Note
-------+----------+-------------------------------------------
     0 | D:1      | LnG the Hill Orc Fighter began the quest for the Orb.
     0 | D:1      | Reached XP level 1. HP: 19/19 MP: 1/1
     0 | D:1      | Noticed a spriggan
     0 | D:1      | Noticed an octopode
     1 | D:1      | Noticed a tengu
     3 | D:1      | Noticed a troll
     3 | D:1      | Noticed a vampire
     6 | D:1      | Noticed a formicid
     7 | D:1      | Noticed a barachi
     8 | D:1      | Noticed a minotaur
    10 | D:1      | Noticed a minotaur
    12 | D:1      | Noticed a tengu
    12 | D:1      | Noticed a naga
    18 | D:1      | Noticed a minotaur
    20 | D:1      | Noticed a formicid
    20 | D:1      | Noticed a human
    22 | D:1      | Noticed an ogre
    22 | D:1      | Noticed a demonspawn
    24 | D:1      | Noticed a draconian
    43 | D:1      | Found Guapt's Magic Scroll Emporium.
   160 | D:1      | Reached XP level 2. HP: 27/27 MP: 2/2
   731 | D:1      | Reached XP level 3. HP: 33/33 MP: 3/3
   918 | D:1      | Bought a scroll of identify for 28 gold pieces
  1093 | D:2      | Found a faded altar of an unknown god.
  1593 | D:3      | Reached XP level 4. HP: 34/40 MP: 4/4
  1739 | D:3      | Noticed Robin
  1746 | D:3      | Noticed Grinder
  1748 | D:3      | Killed Robin
  1750 | D:3      | Paralysed by Grinder for 2 turns
  1758 | D:3      | HP: 2/40 [Grinder (5)]
  1758 | D:3      | Slain by Grinder

Illustrated notes

Levels and vault maps discovered:
D:1:      shiori_arrival_whats_in_store_for_you, layout_loops_cross,
          serial_shops, shop, serial_forest, infiniplex_forest_lined_room_2,
          infiniplex_forest_end_2, infiniplex_forest_straight_4,
          infiniplex_forest_end_1, infiniplex_forest_zigzag_1,
          infiniplex_forest_clump_small, grunt_decor_clamped
D:2:      layout_rooms, dreamdust_ecumenical_altar_grove, nrook_loot_triangle
D:3:      layout_loops_ring, mainiacjoe_overflow_surrounded_room, minivault_11,
          nicolae_grassy_gnolls, uniq_grinder, uniq_robin, uniq_natasha,
          uniq_sigmund

Skill      XL: |  1  2  3  4 |
---------------+-------------+-----
Axes           | 3 4 |  4.1
Armour         | 4 |  4.1
Fighting       | 4 |  4.0
Dodging        | |  0.3
Shields        | |  3.6

Action                   |  1- 3 |  4- 6 || total
-------------------------+-------+-------++-------
Melee: War axe           |   131 |    24 ||   155
Armor: Scale mail        |    36 |     9 ||    45
Dodge: Dodged            |    43 |     8 ||    51
Block: Buckler           |    21 |       ||    21
       Tower shield      |    13 |    16 ||    29

Table legend: (Time is in decaauts)
 A = Elapsed time spent in this place.
 B = Non-inter-level travel time spent in this place.
 C = Inter-level travel time spent in this place.
 D = Time resting spent in this place.
 E = Time spent auto-exploring this place.
 F = Levels seen in this place.
 G = Mean time per level.
                   A        B        C        D        E       F      G
               +--------+--------+--------+--------+--------+-----+--------+
         Total |   1828 |   1721 |    107 |     43 |   1183 |   3 |  609.3 |
       Dungeon |   1828 |   1721 |    107 |     43 |   1183 |   3 |  609.3 |
               +--------+--------+--------+--------+--------+-----+--------+

Top non-repeatable levels by time:
     D:1: 979 daAuts
     D:2: 618 daAuts
     D:3: 230 daAuts
